[Event "Early-Titled-Tuesday-Blitz-April-23-2024"]
[Site "Chess.com"]
[Date "2024.04.23"]
[Round "5"]
[White "mishanick"]
[Black "DominguezOnYoutube"]
[Result "1-0"]
[WhiteElo "3172"]
[BlackElo "2943"]
[TimeControl "180+1"]
[EndTime "8:55:45 PDT"]
[Termination "mishanick won on time"]

1. d4 Nf6 2. c4 e6 3. Nf3 d5 4. Nc3 c5 5. e3 dxc4 6. Bxc4 a6 7. O-O b5 8. Bb3 Bb7 9. e4 cxd4 10. Nxd4 Nbd7 11.
Re1 Nc5 12. e5 Nxb3 13. axb3 Nd5 14. Qg4 h5 15. Qh3 Be7 16. Ne4 Qb6 17. Nf3 Rc8 18.
Bg5 Bb4 19. Red1 Rc2 20. Qg3 Re2 21. Nd6+ Bxd6 22. exd6 f6 23. Be3 Rxe3 24. Qxg7 Rxf3 25. gxf3 Qxd6 26. Qxh8+ Kd7 27. Qg7+ Kc6 28. Rac1+ Kb6 29. Qxf6 1-0

[Event "Early-Titled-Tuesday-Blitz-April-23-2024"]
[Site "Chess.com"]
[Date "2024.04.23"]
[Round "5"]
[White "DanielNaroditsky"]
[Black "Attacker_2006"]
[Result "0-1"]
[WhiteElo "2995"]
[BlackElo "2563"]
[TimeControl "180+1"]
[EndTime "8:55:50 PDT"]
[Termination "Attacker_2006 won by resignation"]

1. e4 c5 2. c3 Nf6 3. e5 Nd5 4. Nf3 d6 5. Bb5+ Bd7 6. Bc4 e6 7. O-O Nc6 8. d4 cxd4 9. Bxd5 exd5 10. Re1 Be6 11. exd6 Bxd6 12. Ng5 O-O 13. Qh5 Bf5 14.
cxd4 Nxd4 15. Rd1 Nc2 16. Nc3 Nxa1 17. Rxd5 Qe7 18. Be3 Bg6 19. Qd1 Nc2 20. Bc1 Rfe8 21. Nf3 Rad8 22. Bg5 f6 23. Bh4 Be4 24. Nxe4 Qxe4 25. Bg3 Be7 26. Rxd8 Rxd8 27. Qc1 Qd3 28. h4 Qd1+ 29. Qxd1 Rxd1+ 30. Kh2 Bd6 31. Bxd6 Rxd6 32.
b3 Nd4 33. Nd2 Ra6 34. a4 Rb6 35. a5 Rxb3 36. a6 bxa6 37. h5 Rb2 38. Nc4 Rxf2 39. h6 gxh6 40. Ne3 Rf5 41. g4 Rg5 42. Kh3 h5 43.
gxh5 Rxh5+ 44. Kg4 Rg5+ 45. Kh3 Ne6 46. Kh2 Nf4 47.
Kh1 a5 48. Nc2 a4 49. Na3 Rg3 50. Nc4 a3 51. Nd2 a2 52. Nf1 0-1

[Event "Early-Titled-Tuesday-Blitz-April-23-2024"]
[Site "Chess.com"]
[Date "2024.04.23"]
[Round "5"]
[White "yonaltimur"]
[Black "rionelG"]
[Result "1-0"]
[WhiteElo "2411"]
[BlackElo "2215"]
[TimeControl "180+1"]
[EndTime "8:55:51 PDT"]
[Termination "yonaltimur won on time"]

1. e4 c5 2. Nf3 d6 3. Bb5+ Nd7 4.
O-O a6 5. Bd3 Ngf6 6. c3 b5 7.
Bc2 Bb7 8. Re1 Rc8 9. d4 cxd4 10. Qxd4 g6 11. a4 bxa4 12. e5 dxe5 13. Nxe5 Bg7 14.
Nxd7 Qxd7 15. Bxa4 Bc6 16. Bxc6 Rxc6 17. Be3 Rd6 18. Qc4 O-O 19. Na3 e5 20. Qe2 Ng4 21. Bc5 Re6 22. Qxg4 Rfe8 23. Rad1 Qc6 24. Be3 f5 25.
Qc4 f4 26. Qxc6 Rxc6 27. Bxf4 Bf6 28. Be3 Kf7 29. Rd5 Re7 30. Red1 Ke6 31. Bc5 1-0

[Event "Early-Titled-Tuesday-Blitz-April-23-2024"]
[Site "Chess.com"]
[Date "2024.04.23"]
[Round "5"]
[White "Road2GM3000"]
[Black "Bogdan_Bodnar"]
[Result "1-0"]
[WhiteElo "2425"]
[BlackElo "2233"]
[TimeControl "180+1"]
[EndTime "8:55:52 PDT"]
[Termination "Road2GM3000 won by resignation"]

1. d4 Nf6 2. c4 e6 3. Nc3 Bb4 4. Nf3 Bxc3+ 5. bxc3 b6 6. Bg5 Bb7 7. e3 O-O 8. Bd3 h6 9. Bh4 d6 10. O-O Nbd7 11. Nd2 e5 12. Qc2 Qe7 13. Rae1 Rfe8 14.
e4 Qf8 15. f4 Nh7 16. fxe5 dxe5 17. Rf5 c5 18. d5 f6 19. Qd1 Qf7 20. Ref1 Bc8 21. R5f2 Ndf8 22. Nf3 Ng6 23. Bg3 Ng5 24. Nxg5 hxg5 25. Be2 Kh7 26. Bh5 Rh8 27. Bxe5 Kg8 28. Bxf6 1-0

[Event "Early-Titled-Tuesday-Blitz-April-23-2024"]
[Site "Chess.com"]
[Date "2024.04.23"]
[Round "5"]
[White "Lily_Schirmbeck"]
[Black "AlainBruxelles"]
[Result "0-1"]
[WhiteElo "1559"]
[BlackElo "2343"]
[TimeControl "180+1"]
[EndTime "8:55:56 PDT"]
[Termination "AlainBruxelles won on time"]

1. e4 c5 2. Be2 Nc6 3. d3 g6 4. f4 Bg7 5. c3 d6 6. Na3 e6 7.
Nf3 Nge7 8. Nc2 O-O 9. O-O a6 10. Be3 b5 11. a3 Bb7 12. Qd2 f5 13. Rad1 Qc7 14. Ng5 Nd8 15. Bf3 h6 16. Nh3 Ndc6 17. d4 Na5 18. dxc5 dxc5 19. Qd7 Rac8 20. e5 Qxd7 21.
Rxd7 Bxf3 22. gxf3 Nd5 23. Bc1 Rfd8 24. Rxd8+ Rxd8 25.
Rd1 Bf8 26. Ne3 Be7 27. Nxd5 exd5 28. Nf2 Kf7 29. Nd3 Ke6 30. Kf2 d4 31. cxd4 cxd4 0-1

[Event "Early-Titled-Tuesday-Blitz-April-23-2024"]
[Site "Chess.com"]
[Date "2024.04.23"]
[Round "5"]
[White "vedantgoswami"]
[Black "Zavgorodniy_Sergiy"]
[Result "0-1"]
[WhiteElo "2331"]
[BlackElo "2594"]
[TimeControl "180+1"]
[EndTime "8:55:57 PDT"]
[Termination "Zavgorodniy_Sergiy won by checkmate"]

1. d4 Nf6 2. Nc3 e6 3. Bg5 c5 4.
d5 d6 5. e4 e5 6. Bb5+ Nbd7 7.
a4 Be7 8. Nge2 a6 9. Bd3 Nf8 10. Ng3 Ng6 11. Qd2 O-O 12. f3 Nxd5 13. Bxe7 Ndxe7 14.
h4 Nf4 15. O-O-O b5 16. Nge2 c4 17. Nxf4 exf4 18. Be2 b4 19. Nd5 Nxd5 20. Qxd5 Be6 21. Qxd6 Qa5 22. Kb1 Qxa4 23. Rd4 c3 24. Rxb4 Qa2+ 25.
Kc1 Qa1# 0-1

[Event "Early-Titled-Tuesday-Blitz-April-23-2024"]
[Site "Chess.com"]
[Date "2024.04.23"]
[Round "5"]
[White "AlexeiShirov"]
[Black "ravengelic"]
[Result "0-1"]
[WhiteElo "2823"]
[BlackElo "2670"]
[TimeControl "180+1"]
[EndTime "8:56:01 PDT"]
[Termination "ravengelic won by resignation"]

1. e4 c5 2. Nf3 d6 3. d4 cxd4 4. Nxd4 Nf6 5. Nc3 g6 6. Be3 Bg7 7. f3 O-O 8. Qd2 Nc6 9. O-O-O Nxd4 10. Bxd4 Be6 11. Kb1 Qa5 12. h4 Rfc8 13. a3 Rab8 14. Bxf6 Bxf6 15. Nd5 Qxd2 16. Nxf6+ Kg7 17. Nh5+ Kh6 18.
Rxd2 Kxh5 19. g4+ Kh6 20. Bh3 Kg7 21. f4 Rc4 22. f5 Bd7 23. e5 Bc6 24. Re1 gxf5 25. b3 fxg4 26. bxc4 gxh3 27. exd6 exd6 28. Kc1 Bg2 29. Rd3 Kf8 30. Rg3 Re8 0-1

[Event "Early-Titled-Tuesday-Blitz-April-23-2024"]
[Site "Chess.com"]
[Date "2024.04.23"]
[Round "5"]
[White "alex1531"]
[Black "Korchmar_Vasiliy"]
[Result "0-1"]
[WhiteElo "2508"]
[BlackElo "2703"]
[TimeControl "180+1"]
[EndTime "8:56:02 PDT"]
[Termination "Korchmar_Vasiliy won by checkmate"]

1. d4 Nf6 2. Bg5 c5 3. d5 b5 4.
Bxf6 exf6 5. e3 g6 6. Bxb5 Qa5+ 7. Nc3 Bg7 8. Ne2 O-O 9. O-O f5 10. d6 Bb7 11. a4 Nc6 12. Nd5 Bxb2 13. Rb1 Be5 14.
f4 Bg7 15. g4 fxg4 16. f5 Kh8 17. Ng3 a6 18. Bd3 Nb4 19. Nxb4 cxb4 20. Qxg4 Qe5 21.
Qxb4 Qxe3+ 22. Rf2 Bd4 23. Qxb7 Qxf2+ 24. Kh1 Rab8 25.
Qxb8 Qf3# 0-1

[Event "Early-Titled-Tuesday-Blitz-April-23-2024"]
[Site "Chess.com"]
[Date "2024.04.23"]
[Round "5"]
[White "Chesstiger64"]
[Black "Smoking_Crow"]
[Result "1/2-1/2"]
[WhiteElo "2348"]
[BlackElo "2633"]
[TimeControl "180+1"]
[EndTime "8:56:04 PDT"]
[Termination "Game drawn by repetition"]

1. Nf3 d5 2. g3 Nf6 3. Bg2 g6 4. O-O Bg7 5. d4 O-O 6. c4 dxc4 7. Na3 c6 8. Nxc4 Nbd7 9. b3 Nb6 10. Bb2 Nxc4 11. bxc4 Be6 12. Qc2 Rc8 13. Ng5 Bf5 14.
e4 Bd7 15. Rfd1 h6 16. Nf3 Bg4 17. h3 Bxf3 18. Bxf3 Nd7 19. Rab1 Qc7 20. Bg2 c5 21. d5 Bxb2 22. Qxb2 b6 23. f4 Rcd8 24. e5 Nb8 25.
Rd2 e6 26. d6 Qd7 27. Qb5 Qc8 28. a4 Na6 29. a5 Nb4 30. axb6 axb6 31. Qxb6 h5 32.
Rxb4 cxb4 33. c5 b3 34. Rb2 h4 35. c6 Qa8 36. Qxb3 Qa1+ 37. Kh2 hxg3+ 38. Kxg3 Qe1+ 39. Kh2 Qc1 40. Qb4 Rb8 41. Qxb8 Qxf4+ 42. Kg1 Qc1+ 43.
Kf2 Qf4+ 44. Kg1 Qc1+ 45. Kh2 Qf4+ 46. Kg1 1/2-1/2

[Event "Early-Titled-Tuesday-Blitz-April-23-2024"]
[Site "Chess.com"]
[Date "2024.04.23"]
[Round "5"]
[White "maurovargas01"]
[Black "PawnEatingZombie"]
[Result "0-1"]
[WhiteElo "1888"]
[BlackElo "2228"]
[TimeControl "180+1"]
[EndTime "8:56:04 PDT"]
[Termination "PawnEatingZombie won on time"]

1. e4 c5 2. Nc3 Nc6 3. f4 g6 4.
Nf3 Bg7 5. g3 e6 6. Bg2 Nge7 7.
O-O O-O 8. d3 d6 9. Ne2 Nd4 10. c3 Nxf3+ 11. Bxf3 Rb8 12. g4 b5 13. Qe1 b4 14. Bd2 Nc6 15. Ng3 a5 16. f5 Ba6 17. Qe2 exf5 18. exf5 Re8 19. Qg2 Ne5 20. d4 Nxf3+ 21. Rxf3 cxd4 22. cxb4 axb4 23. Bxb4 Rxb4 24.
Raf1 Bb7 25. Qd2 Bxf3 26. Qxb4 Bxg4 27. fxg6 hxg6 28. Qc4 Be6 29. Qa4 Qb6 30. Qxe8+ Kh7 31.
Qa8 d3+ 32. Kh1 Qc5 33. Qa4 Bd5+ 0-1

[Event "Early-Titled-Tuesday-Blitz-April-23-2024"]
[Site "Chess.com"]
[Date "2024.04.23"]
[Round "5"]
[White "jumpingknight20"]
[Black "adotand"]
[Result "1-0"]
[WhiteElo "2750"]
[BlackElo "2942"]
[TimeControl "180+1"]
[EndTime "8:56:07 PDT"]
[Termination "jumpingknight20 won by resignation"]

1. e4 c5 2. c3 d5 3. exd5 Qxd5 4. d4 g6 5. Nf3 Bg7 6. Na3 Nf6 7. Bc4 Qe4+ 8. Be3 cxd4 9. Bxf7+ Kf8 10. cxd4 Ng4 11. O-O Nxe3 12. fxe3 Qxe3+ 13. Kh1 Kxf7 14. Nc4 Qh6 15. Nfe5+ Ke8 16. Qf3 Bf6 17. Nd6+ Kf8 18. Nxc8 Kg7 19. Qxb7 Qh4 20. Nxe7 Bxe7 21. Rf7+ Kh6 22.
Rxe7 Rf8 23. Rxh7+ 1-0

[Event "Early-Titled-Tuesday-Blitz-April-23-2024"]
[Site "Chess.com"]
[Date "2024.04.23"]
[Round "5"]
[White "rdarruda"]
[Black "esrosenberg"]
[Result "1-0"]
[WhiteElo "2533"]
[BlackElo "2323"]
[TimeControl "180+1"]
[EndTime "8:56:07 PDT"]
[Termination "rdarruda won by resignation"]

1. Nf3 d5 2. d4 Bf5 3. e3 Nf6 4. Bd3 e6 5. Bxf5 exf5 6. O-O Nbd7 7. c4 c6 8. Qc2 g6 9. b3 Bd6 10.
Ba3 Bxa3 11. Nxa3 Qe7 12. Nb1 h5 13. Nc3 Nb6 14. Ne2 h4 15. Ne5 h3 16. g3 Ne4 17. f3 Ng5 18. Rae1 O-O-O 19. Nf4 Kb8 20.
a4 Qb4 21. Nfd3 Qe7 22. a5 Nd7 23. a6 Nxe5 24. Nxe5 Qb4 25. axb7 Kxb7 26. cxd5 cxd5 27. Qc6+ Kb8 28. Re2 Rhe8 29. Nd7+ Rxd7 30. Qxd7 Re6 31. Qd8+ 1-0

[Event "Early-Titled-Tuesday-Blitz-April-23-2024"]
[Site "Chess.com"]
[Date "2024.04.23"]
[Round "5"]
[White "alexrustemov"]
[Black "jefferyx"]
[Result "1/2-1/2"]
[WhiteElo "2873"]
[BlackElo "3101"]
[TimeControl "180+1"]
[EndTime "8:56:09 PDT"]
[Termination "Game drawn by repetition"]

1. d4 f5 2. g3 g6 3. Bg2 Bg7 4. Nf3 Nf6 5. c4 O-O 6. O-O d6 7. Nc3 c6 8. Qc2 Kh8 9. Rb1 Be6 10. b3 Nbd7 11. Bb2 Bg8 12. Rbd1 Qc7 13. e4 f4 14. e5 dxe5 15. dxe5 Nxe5 16. Nxe5 Qxe5 17. Nd5 Qb8 18. Nxf4 e5 19. Nd3 Nd7 20. Rfe1 Qc7 21. Bh3 Rae8 22. Bxd7 Qxd7 23. Bxe5 Bxe5 24. Nxe5 Qg7 25.
Qc3 Be6 26. Re3 Kg8 27. Rde1 Bc8 28. h4 Qf6 29. f4 Rd8 30. Nf3 Bf5 31. Qxf6 Rxf6 32.
Re8+ Rf8 33. Rxf8+ Kxf8 34. Kf2 h5 35. Re2 Rd1 36. Rd2 Ra1 37. Nd4 Ke7 38. Nxf5+ gxf5 39. Ke3 Rg1 40. Kf3 Ra1 41. Ke3 Rg1 42. Kf3 Ra1 43.
Ke3 1/2-1/2

[Event "Early-Titled-Tuesday-Blitz-April-23-2024"]
[Site "Chess.com"]
[Date "2024.04.23"]
[Round "5"]
[White "Statham_01"]
[Black "Shiner22"]
[Result "1-0"]
[WhiteElo "2575"]
[BlackElo "2325"]
[TimeControl "180+1"]
[EndTime "8:56:10 PDT"]
[Termination "Statham_01 won by resignation"]

1. e4 c5 2. a3 g6 3. c3 Bg7 4. Nf3 Nc6 5. d4 cxd4 6. cxd4 d5 7. exd5 Qxd5 8. Nc3 Qh5 9. d5 Nd4 10. Be2 Nxe2 11. Qxe2 a6 12. O-O Bg4 13. Bf4 Bxf3 14. gxf3 Nf6 15. d6 e6 16. Rac1 O-O 17. Rfd1 Rfd8 18.
Bg3 Qf5 19. Ne4 Nd5 20. Rc5 Be5 21. Rdxd5 exd5 22. Rxd5 Rac8 23. Bxe5 Rc1+ 24. Kg2 f6 25. Bc3 Qf4 26. Nxf6+ Kh8 27. Nh5+ 1-0

[Event "Early-Titled-Tuesday-Blitz-April-23-2024"]
[Site "Chess.com"]
[Date "2024.04.23"]
[Round "5"]
[White "Kostukov_Alex"]
[Black "maximnovik"]
[Result "0-1"]
[WhiteElo "2347"]
[BlackElo "2577"]
[TimeControl "180+1"]
[EndTime "8:56:13 PDT"]
[Termination "maximnovik won by resignation"]

1. g3 d5 2. Bg2 Nf6 3. d3 g6 4. e4 e6 5. Qe2 Bg7 6. Nf3 O-O 7. O-O c5 8. c4 Nc6 9. e5 Ng4 10. Bf4 Nh6 11. Nc3 Nf5 12. Rfe1 Re8 13. Rad1 h6 14.
h4 b6 15. Nb5 Bb7 16. h5 g5 17. g4 gxf4 18. gxf5 exf5 19. Nd6 Qxd6 20. exd6 Rxe2 21.
Rxe2 Rd8 22. Nh4 Nd4 23. Re7 Bc6 24. Rxa7 Rxd6 25. cxd5 Bxd5 26. Bf3 Nxf3+ 0-1

[Event "Early-Titled-Tuesday-Blitz-April-23-2024"]
[Site "Chess.com"]
[Date "2024.04.23"]
[Round "5"]
[White "sterpfi"]
[Black "Kushch_Nikolai"]
[Result "1-0"]
[WhiteElo "2248"]
[BlackElo "2403"]
[TimeControl "180+1"]
[EndTime "8:56:13 PDT"]
[Termination "sterpfi won by checkmate"]

1. e4 c5 2. Nc3 e6 3. Nf3 a6 4. g3 d5 5. exd5 exd5 6. Bg2 d4 7.
Ne4 Bf5 8. Qe2 Bxe4 9. Qxe4+ Qe7 10. Ne5 Nf6 11. Qxb7 Qxb7 12. Bxb7 Ra7 13. Bg2 Re7 14.
f4 Nfd7 15. O-O Nxe5 16. fxe5 Rxe5 17. d3 Re6 18. Bf4 Bd6 19. Rae1 Kd7 20. Bh3 Nc6 21.
Bxd6 Kxd6 22. Bxe6 fxe6 23. Rf7 g6 24. Rb7 Re8 25. Rf1 h5 26. Rg7 Ne5 27. Ra7 g5 28. Rxa6+ Kd5 29. a4 g4 30. Kg2 Nc6 31. Rf2 e5 32.
Rf6 Nb4 33. Rad6# 1-0

[Event "Early-Titled-Tuesday-Blitz-April-23-2024"]
[Site "Chess.com"]
[Date "2024.04.23"]
[Round "5"]
[White "balack95"]
[Black "AcostaPablo"]
[Result "0-1"]
[WhiteElo "2447"]
[BlackElo "2610"]
[TimeControl "180+1"]
[EndTime "8:56:14 PDT"]
[Termination "AcostaPablo won by checkmate"]

1. d4 Nf6 2. c4 g6 3. Nc3 Bg7 4. e4 d6 5. f3 O-O 6. Be3 e5 7. Nge2 Nc6 8. d5 Ne7 9. g4 Ne8 10. Qd2 f5 11. gxf5 gxf5 12. O-O-O f4 13. Bf2 Kh8 14.
c5 dxc5 15. Bxc5 Nd6 16. Kb1 b6 17. Bf2 a5 18. Nc1 a4 19. a3 Bd7 20. h4 Bf6 21. h5 Nec8 22. Qc2 b5 23. N1a2 Nb6 24. Nb4 Qe8 25. Bh3 Nbc4 26. Bxd7 Qxd7 27. Nc6 Rfb8 28.
Nxb8 Rxb8 29. Na2 Be7 30. Nb4 Rg8 31. Rdg1 Rxg1+ 32. Bxg1 Ne3 33. Qc6 Qd8 34. Na6 Qg8 35.
Bxe3 fxe3 36. Qxc7 Qg2 37. Rc1 Nc4 38. Qxe7 Qxb2# 0-1

[Event "Early-Titled-Tuesday-Blitz-April-23-2024"]
[Site "Chess.com"]
[Date "2024.04.23"]
[Round "5"]
[White "Timerkhanov"]
[Black "dontcatchmeifyoucant"]
[Result "1-0"]
[WhiteElo "2644"]
[BlackElo "2370"]
[TimeControl "180+1"]
[EndTime "8:56:15 PDT"]
[Termination "Timerkhanov won on time"]

1. d4 Nf6 2. Bg5 d5 3. Nd2 Nbd7 4. Ngf3 h6 5. Bh4 e6 6. e3 Be7 7. Bd3 O-O 8. O-O c5 9. c3 b6 10. Ne5 Bb7 11. Bxf6 Nxf6 12. Qf3 Qc7 13. a4 Rac8 14. h3 Nd7 15. Nxd7 Qxd7 16. Qh5 Bf6 17. f4 Qd6 18. g4 g6 19. Qxh6 Bg7 20. Qh4 Qd8 21. Qg3 f5 22.
gxf5 gxf5 23. Kh2 Kh8 24. Rg1 Rg8 25. Qg6 Qf6 26. Nf3 Qxg6 27. Rxg6 Rce8 28. Rag1 Re7 29. R6g5 Kh7 30. Ne5 Bxe5 31. Rxg8 Bg7 32. Rb8 Bc6 33. Bb5 Bxb5 34. axb5 cxd4 35. exd4 Bh6 36. Rf1 Rg7 37. Re8 Rg6 38. Re7+ Bg7 39. Rxa7 1-0

[Event "Early-Titled-Tuesday-Blitz-April-23-2024"]
[Site "Chess.com"]
[Date "2024.04.23"]
[Round "5"]
[White "RamonManon0g"]
[Black "viktorskliarov"]
[Result "0-1"]
[WhiteElo "2453"]
[BlackElo "2613"]
[TimeControl "180+1"]
[EndTime "8:56:15 PDT"]
[Termination "viktorskliarov won by resignation"]

1. e4 c5 2. Nf3 Nc6 3. d4 cxd4 4. Nxd4 Nf6 5. Nc3 e5 6. Ndb5 d6 7. Nd5 Nxd5 8. exd5 Nb8 9. Bd3 a6 10. Na3 b5 11. O-O Be7 12. c4 bxc4 13. Nxc4 O-O 14.
f4 exf4 15. Bxf4 Nd7 16. Nxd6 Bxd6 17. Bxd6 Qb6+ 18. Kh1 Qxd6 19. Qh5 Qh6 20. Qe2 Nf6 21. d6 Be6 22. Rac1 a5 23. b3 Rad8 24. Rc6 Bd5 25. Ra6 Rfe8 26. Qf2 Qe3 27. Qf5 Qd2 28. Rf2 Re1+ 29.
Bf1 Rxf1+ 0-1

[Event "Early-Titled-Tuesday-Blitz-April-23-2024"]
[Site "Chess.com"]
[Date "2024.04.23"]
[Round "5"]
[White "Makswolf200817"]
[Black "michaelq2d5"]
[Result "1-0"]
[WhiteElo "2817"]
[BlackElo "2925"]
[TimeControl "180+1"]
[EndTime "8:56:18 PDT"]
[Termination "Makswolf200817 won by resignation"]

1. d4 d5 2. c4 dxc4 3. Nf3 Nf6 4. e3 a6 5. Bxc4 e6 6. O-O c5 7. Nbd2 Nc6 8. dxc5 Bxc5 9. a3 b5 10. Be2 Bb7 11. b4 Bd6 12. Bb2 O-O 13. Rc1 Qe7 14. Qc2 Rfc8 15. Qb1 a5 16. Bxb5 axb4 17. a4 Na5 18.
Ne5 Nd5 19. Nec4 Nxc4 20. Nxc4 Bc5 21. Rfd1 Ba6 22. Bxa6 Rxa6 23. a5 h6 24. Qe4 Ba7 25. Rxd5 Rac6 26. Rdd1 Qc7 27. Qe5 1-0

[Event "Early-Titled-Tuesday-Blitz-April-23-2024"]
[Site "Chess.com"]
[Date "2024.04.23"]
[Round "5"]
[White "AlphaGoosee"]
[Black "kuchma777"]
[Result "1-0"]
[WhiteElo "2632"]
[BlackElo "2476"]
[TimeControl "180+1"]
[EndTime "8:56:21 PDT"]
[Termination "AlphaGoosee won by checkmate"]

1. e4 c6 2. d4 d5 3. exd5 cxd5 4. Bd3 Nc6 5. c3 Nf6 6. h3 g6 7. Nf3 Bg7 8. Qc2 O-O 9. O-O Qc7 10. Be3 Nh5 11. Rd1 Nf4 12. Bf1 Bf5 13. Qc1 Ne6 14.
Nbd2 h5 15. Nb3 Rac8 16. g3 a6 17. Bg2 Na5 18. Nxa5 Qxa5 19. Nh4 Be4 20. f3 Bf5 21. Nxf5 gxf5 22. Qd2 Qb6 23. f4 Nc7 24. h4 e6 25.
Bf3 Ne8 26. Bxh5 Nd6 27. Qg2 Kh7 28. Bf3 Bf6 29. Kh2 Rg8 30. Qe2 Rg7 31. Bg2 Rcg8 32.
Qh5# 1-0

[Event "Early-Titled-Tuesday-Blitz-April-23-2024"]
[Site "Chess.com"]
[Date "2024.04.23"]
[Round "5"]
[White "PabloZarnicki"]
[Black "Fjal"]
[Result "1-0"]
[WhiteElo "2595"]
[BlackElo "2334"]
[TimeControl "180+1"]
[EndTime "8:56:21 PDT"]
[Termination "PabloZarnicki won by resignation"]

1. e4 d6 2. d4 g6 3. Nc3 Bg7 4.
f4 Nd7 5. Nf3 c5 6. d5 a6 7. a4 Nh6 8. Bc4 O-O 9. O-O f5 10. e5 dxe5 11. fxe5 Ng4 12. Bf4 Ndxe5 13. Ba2 Kh8 14. Re1 Nxf3+ 15. gxf3 Nf6 16. Qe2 Nh5 17. Be5 Qb6 18. a5 Qb4 19. Bxg7+ Nxg7 20. Qxe7 Re8 21. Qf7 Qd4+ 22. Kh1 Rxe1+ 23. Rxe1 Be6 24. dxe6 Qf2 25. Re2 Qxf3+ 26. Kg1 Qg4+ 27. Kf1 Re8 28. e7 Qf4+ 29. Ke1 Qc1+ 30. Nd1 Qxb2 31. Qf8+ 1-0

[Event "Early-Titled-Tuesday-Blitz-April-23-2024"]
[Site "Chess.com"]
[Date "2024.04.23"]
[Round "5"]
[White "tusplingher"]
[Black "GMAneta"]
[Result "1-0"]
[WhiteElo "2655"]
[BlackElo "2495"]
[TimeControl "180+1"]
[EndTime "8:56:22 PDT"]
[Termination "tusplingher won by resignation"]

1. e4 c5 2. Nf3 Nc6 3. Bc4 e6 4. O-O a6 5. Re1 b5 6. Bf1 Bb7 7. c3 Nf6 8. d4 Qc7 9. d5 Ne5 10.
Bf4 Nxf3+ 11. Qxf3 Qb6 12. Qd1 g6 13. Be5 Bg7 14.
Qf3 Qd8 15. a4 c4 16. axb5 axb5 17. Rxa8 Bxa8 18. Na3 O-O 19. Nxb5 exd5 20. Bxf6 Bxf6 21. exd5 Qb6 22. Bxc4 Bg7 23. b3 Rb8 24. Re7 f5 25. h3 d6 26. Qe2 Qd8 27. Qe6+ Kh8 28. Nxd6 1-0

[Event "Early-Titled-Tuesday-Blitz-April-23-2024"]
[Site "Chess.com"]
[Date "2024.04.23"]
[Round "5"]
[White "Alexander_Donchenko"]
[Black "goodluck06"]
[Result "1-0"]
[WhiteElo "2888"]
[BlackElo "2676"]
[TimeControl "180+1"]
[EndTime "8:56:26 PDT"]
[Termination "Alexander_Donchenko won by resignation"]

1. Nf3 Nf6 2. b3 c5 3. Bb2 Nc6 4. e3 g6 5. d4 cxd4 6. Nxd4 Bg7 7. Be2 O-O 8. O-O Nxd4 9. Bxd4 d5 10. c4 dxc4 11. Bxc4 Bd7 12. Nd2 Bc6 13. Nf3 b5 14. Be2 a6 15. Ne5 Bb7 16. Bf3 Ne4 17. Rc1 Rc8 18.
Qe2 f6 19. Nd3 e5 20. Bb2 Qe7 21. h4 h5 22. Rfd1 Rfd8 23. Rc2 Rxc2 24. Qxc2 Rc8 25. Qb1 f5 26. Rc1 Re8 27. Qc2 Rc8 28. Qd1 Rxc1 29. Qxc1 Qxh4 30. Qc7 Nxf2 31. Nxe5 Ng4 32. Qf7+ 1-0

[Event "Early-Titled-Tuesday-Blitz-April-23-2024"]
[Site "Chess.com"]
[Date "2024.04.23"]
[Round "5"]
[White "hongnhung1234"]
[Black "UmarovSabir"]
[Result "1-0"]
[WhiteElo "2558"]
[BlackElo "2308"]
[TimeControl "180+1"]
[EndTime "8:56:28 PDT"]
[Termination "hongnhung1234 won by checkmate"]

1. e4 c6 2. d4 g6 3. Nc3 Bg7 4. f4 d5 5. e5 f6 6. Nf3 Nh6 7. Be2 Bg4 8. O-O Qb6 9. Kh1 O-O 10.
Ne1 Bxe2 11. Qxe2 Qxd4 12. Be3 Qb4 13. Nd3 Qa5 14. Bc5 Qc7 15. exf6 Bxf6 16. Rae1 Nd7 17. Bxe7 Rae8 18. Qe6+ Nf7 19. Bxf8 Rxe6 20. Rxe6 Kxf8 21.
Rfe1 Bxc3 22. bxc3 Nb6 23. Re8+ Kg7 24. R1e7 Qd6 25. Ne5 Qa3 26. Rxf7+ Kh6 27. h3 Nc4 28. Ng4+ Kh5 29. Rxh7# 1-0

[Event "Early-Titled-Tuesday-Blitz-April-23-2024"]
[Site "Chess.com"]
[Date "2024.04.23"]
[Round "5"]
[White "m_ezat"]
[Black "KanalSzachowy"]
[Result "1-0"]
[WhiteElo "2605"]
[BlackElo "2421"]
[TimeControl "180+1"]
[EndTime "8:56:30 PDT"]
[Termination "m_ezat won by resignation"]

1. d4 Nf6 2. c4 e6 3. Nc3 Bb4 4. e3 O-O 5. a3 Bxc3+ 6. bxc3 c5 7. Bd3 Nc6 8. Ne2 b6 9. O-O Ba6 10. e4 cxd4 11. cxd4 d5 12. cxd5 exd5 13. e5 Bxd3 14. Qxd3 Ne8 15. Ng3 Nc7 16. f4 Ne6 17. Be3 Rc8 18.
f5 Ng5 19. f6 Ne4 20. fxg7 Re8 21. Nxe4 dxe4 22. Qxe4 Na5 23. Rxf7 Kxf7 24. Qxh7 Rg8 25. Rf1+ Ke6 26. Rf6+ Kd5 27. Rd6+ Qxd6 28. exd6 Nc4 29. Qf5+ Kxd6 30. Bf4+ Ke7 31. h4 Rc6 32. Qd5 Rgc8 33. g8=Q 1-0

[Event "Early-Titled-Tuesday-Blitz-April-23-2024"]
[Site "Chess.com"]
[Date "2024.04.23"]
[Round "5"]
[White "EdmundPlayer"]
[Black "ChadBiryani"]
[Result "0-1"]
[WhiteElo "2271"]
[BlackElo "2446"]
[TimeControl "180+1"]
[EndTime "8:56:32 PDT"]
[Termination "ChadBiryani won on time"]

1. Nf3 f5 2. b3 d6 3. d4 Nf6 4. Bb2 g6 5. e3 Bg7 6. Nbd2 O-O 7. Be2 c6 8. O-O a5 9. a4 Na6 10. Re1 Nc7 11. Bf1 h6 12. e4 fxe4 13. Nxe4 Nxe4 14.
Rxe4 Bf5 15. Re1 Qd7 16. Nh4 Rae8 17. Nxf5 Qxf5 18. Qd2 b6 19. Bd3 Qf6 20. Rab1 Nd5 21. c4 Nf4 22. Bf1 Qg5 23. Qe3 d5 24. Qg3 Qf5 25. Rbd1 g5 26. Ba3 Rf7 27. Re3 e6 28. Rde1 Bxd4 29. Rf3 Kh8 30. Bd3 Qf6 31. cxd5 cxd5 32.
Bc1 e5 33. Bxf4 gxf4 34. Qh3 e4 35. Qxh6+ Qxh6 0-1

[Event "Early-Titled-Tuesday-Blitz-April-23-2024"]
[Site "Chess.com"]
[Date "2024.04.23"]
[Round "5"]
[White "abelmat"]
[Black "dealshark"]
[Result "1-0"]
[WhiteElo "2058"]
[BlackElo "2293"]
[TimeControl "180+1"]
[EndTime "8:56:32 PDT"]
[Termination "abelmat won by resignation"]

1. d4 Nf6 2. c4 e6 3. Nf3 d5 4. Nc3 Be7 5. Bf4 O-O 6. e3 c6 7. c5 b6 8. b4 a5 9. a3 Ba6 10. Bxa6 Nxa6 11. O-O axb4 12. axb4 Nxb4 13. Rxa8 Qxa8 14.
cxb6 Qa6 15. Bc7 Ra8 16. Ne5 Ne8 17. Qh5 g6 18. Qf3 f6 19. Ng4 h5 20. Ne5 fxe5 21. Bxe5 Qd3 22. Qg3 h4 23. b7 hxg3 24. bxa8=Q gxf2+ 25. Rxf2 Qb1+ 26. Nxb1 Kh7 27. Qxe8 Kh6 28. Qxe7 Kh5 29.
Qxe6 1-0

[Event "Early-Titled-Tuesday-Blitz-April-23-2024"]
[Site "Chess.com"]
[Date "2024.04.23"]
[Round "5"]
[White "FLYD"]
[Black "superchess02"]
[Result "0-1"]
[WhiteElo "2027"]
[BlackElo "2886"]
[TimeControl "180+1"]
[EndTime "8:56:34 PDT"]
[Termination "superchess02 won by checkmate"]

1. e4 c5 2. Nf3 d6 3. d4 cxd4 4. Nxd4 Nf6 5. Nc3 a6 6. Bg5 Nbd7 7. Qe2 e6 8. O-O-O Qc7 9. f4 b5 10. Bxf6 Nxf6 11. e5 dxe5 12. fxe5 Nd7 13. Kb1 Bb7 14.
Qg4 Qb6 15. Qg3 g6 16. Nf3 Bg7 17. Bd3 Bxf3 18. Qxf3 O-O 19. Ne4 Nxe5 20. Nf6+ Kh8 21. Qf4 Nxd3 22. Rxd3 e5 23. Nd5 exf4 24. Nxb6 Rae8 25.
Nd7 Rg8 26. Rf1 Re2 27. Rxf4 Re1+ 28. Rd1 Rxd1# 0-1